 Dungeon Crawl Stone Soup version 0.31-a0-37-g98a128e1d9 (webtiles) character file.

Game seed: 1345293430162871992

1460 senseless the Tainted (level 8, -2/53 (56) HPs)
             Began as a Demonspawn Fighter on May 15, 2023.
             Was a Believer of Yredelemnul.
             Slain by a wight
             ... wielding a +4 spear
              (5 damage)
             ... on level 7 of the Dungeon.
             The game lasted 00:16:50 (6037 turns).

senseless the Tainted (Demonspawn Fighter)          Turns: 6037, Time: 00:16:51

HP:   -2/53 (56)    AC:  9    Str: 23    XL:     8   Next: 48%
MP:   0/12          EV:  6    Int:  8    God:    Yredelemnul [**....]
Gold: 395           SH:  5    Dex: 12    Spells: 5/7 levels left

rFire   + . .        u - +1 war axe (venom)
rCold   . . .        c - +0 buckler
rNeg    . . .        r - +0 plate armour
rPois   +            (helmet unavailable)
rElec   .            (no cloak)
rCorr   .            (no gloves)
SInv    +            (no boots)
Will    .....        A - amulet of guardian spirit Stlth
                     f - ring of protection from fire
HPRegen 0.28/turn    t - ring of poison resistance
MPRegen 0.13/turn

%: guardian spirit
@: studying Polearms, drained
A: antennae 3, molten scales 1, spiny 1, deformed body, frail 1, strong 1, noise
suppression
a: Renounce Religion, Recall Undead Harvest, Dark Bargain


You were on level 7 of the Dungeon.
You worshipped Yredelemnul.
Yredelemnul was noncommittal.
You visited 1 branch of the dungeon, and saw 7 of its levels.

You collected 395 gold pieces.

Inventory:

Hand Weapons
 u - a +1 war axe of venom (weapon)
Missiles
 a - 14 poisoned darts (quivered)
Armour
 c - a +0 buckler (worn)
 r - a +0 plate armour (worn)
Jewellery
 f - a ring of protection from fire (left hand)
 p - a +6 ring of intelligence
 t - a ring of poison resistance (right hand)
 w - a ring of positive energy
 A - an amulet of guardian spirit (around neck)
Wands
 b - a wand of roots (5)
 v - a wand of digging (6)
 z - a wand of mindburst (17)
Scrolls
 q - a scroll of teleportation
Potions
 d - 3 potions of might
 g - 3 potions of lignification
 h - a potion of heal wounds
 i - a potion of resistance
 m - 7 potions of curing
 n - a potion of brilliance {unknown}
 o - 2 potions of magic
 x - a potion of flight {unknown}
 B - a potion of haste {unknown}


   Skills:
 + Level 5.6 Fighting
 + Level 4.5 Axes
 + Level 5.0 Armour
 + Level 5.0 Shields
 + Level 5.9 Invocations


You had 5 spell levels left.
You knew the following spells:

 Your Spells              Type           Power      Damage    Failure   Level
a - Apportation           Tloc           0%         N/A       100%        1
b - Magic Dart            Conj           0%         1d3       100%        1

Your spell library contained the following spells:

 Spells                   Type           Power      Damage    Failure   Level
 Necrotise                Necr           0%         1d4       100%        1
 Summon Small Mammal      Summ           0%         N/A       100%        1
 Blink                    Tloc           0%         N/A       100%        2
 Lesser Beckoning         Tloc           0%         N/A       100%        2
 Momentum Strike          Conj/Tloc      0%         3d8       100%        2
 Searing Ray              Conj           0%         2d4       100%        2
 Fulminant Prism          Conj/Hex       0%         3d5       100%        4


Dungeon Overview and Level Annotations

Branches:
Dungeon (7/15)             Temple (0/1) D:6

Altars:
Ashenzari
Cheibriados
Fedhas
Gozag
Kikubaaqudgha
Makhleb
Nemelex Xobeh
Qazlal
Ru
Yredelemnul

Shops:
D:3 =   D:5 **


Innate Abilities, Weirdness & Mutations

You have a pair of large antennae on your head. (SInv)
You are partially covered in molten scales. (AC +2)
You are partially covered in sharp spines.
Armour fits poorly on your strangely shaped body.
You are frail. (-10% HP)
Your muscles are strong. (Str +4, Int/Dex -1)
You passively dampen the noise of your surroundings.


Message History

You are too injured to fight recklessly!
Unknown command.
You are too injured to fight recklessly!
You are too injured to fight recklessly!
You are too injured to fight recklessly!
Unknown command.
You hit the wight but do no damage. You completely miss the wight.
The wight is struck by your spines. The wight hits you with a +4 spear.
The wight is struck by your spines. The wight hits you with a +0 halberd!
* * * LOW HITPOINT WARNING * * *
Your water moccasin zombie closely misses the wight.
You block the wight's attack. The wight is struck by your spines.
The wight hits you with a +4 spear.
* * * LOW HITPOINT WARNING * * *
You hit the wight.
The wight is severely damaged.
You hit the wight.
Your water moccasin zombie bites the wight but does no damage.
The wight barely misses you. The wight completely misses you.
Your water moccasin zombie misses the wight.
You barely miss the wight.
The wight is severely damaged.
You hit the wight but do no damage.
Your water moccasin zombie bites the wight.
The wight misses your water moccasin zombie.
The wight closely misses you.
You barely miss the wight.
The wight is severely damaged.
You barely miss the wight.
Your water moccasin zombie barely misses the wight.
The wight hits you with a +4 spear.
* * * LOW HITPOINT WARNING * * *
You feel drained. The wight hits you with a +0 halberd.
* * * LOW HITPOINT WARNING * * *
You feel drained.
* * * LOW HITPOINT WARNING * * *
Your water moccasin zombie barely misses the wight.
The wight closely misses you. The wight hits you with a +4 spear.
You die...
Your body rises from the dead as a mindless zombie.

...#..{Z.# ##.......#
.# #.....#.# .#
#{#.###.# .# #.#.....#
.# #.####### ##.####
#..## #.....#
##...###########Zz...##
............ZZZZ@z)...+
##...###############.##
##.## #.# #.# #.# #.#
#.# #.#


You could see 2 wights, 2 friendly water moccasin zombies, a friendly hound
zombie, a friendly kobold zombie and a friendly kobold brigand zombie.

Vanquished Creatures
  2 water moccasins (D:7)
  An ogre (D:5)
  A phantom (D:5)
  2 bullfrogs
  2 scorpions (D:5)
  A wight (D:7)
  6 hounds
  An orc priest (D:4)
  A gnoll bouda (D:4)
  2 orc wizards (D:4)
  5 iguanas
  9 gnolls
  6 adders
  2 white imps
  2 ufetubi
  5 worms
  3 dart slugs
  13 orcs
  10 ball pythons
  5 endoplasms
  5 giant cockroaches
  10 goblins
  8 hobgoblins
  13 kobolds
  6 quokkas
  3 bats
  3 frilled lizards
  4 rats
131 creatures vanquished.

Vanquished Creatures (collateral kills)
  A kobold brigand (D:7)
  A kobold (D:7)
2 creatures vanquished.

Grand Total: 133 creatures vanquished

Notes
Turn   | Place    | Note
-------+----------+-------------------------------------------
     0 | D:1      | senseless the Demonspawn Fighter began the quest for the
                  | Orb.
     0 | D:1      | Reached XP level 1. HP: 18/18 MP: 1/1
   123 | D:1      | Found a faded altar of an unknown god.
   173 | D:1      | Gained mutation: You are partially covered in sharp spines.
                  | [demonic ancestry]
   173 | D:1      | Reached XP level 2. HP: 19/24 MP: 2/2
   313 | D:1      | Reached skill level 1 in Invocations
   362 | D:1      | Learned a level 1 spell: Apportation
   769 | D:2      | Gained mutation: You have a pair of small antennae on your
                  | head. [demonic ancestry]
   769 | D:2      | Reached XP level 3. HP: 29/29 MP: 4/4
   958 | D:2      | Gained mutation: You are partially covered in molten
                  | scales. (AC +2) [demonic ancestry]
   958 | D:2      | Reached XP level 4. HP: 34/35 MP: 5/5
  1681 | D:3      | Gained mutation: You are frail. (-10% HP) [potion of
                  | mutation]
  1681 | D:3      | Gained mutation: You passively dampen the noise of your
                  | surroundings. [potion of mutation]
  1681 | D:3      | Gained mutation: Armour fits poorly on your strangely
                  | shaped body. [potion of mutation]
  1681 | D:3      | Gained mutation: Your muscles are strong. (Str +4, Int/Dex
                  | -1) [potion of mutation]
  1942 | D:3      | Identified a scroll of acquirement
  1942 | D:3      | Acquired a manual of Polearms
  2033 | D:3      | Found a sacrificial altar of Ru.
  2078 | D:3      | Identified the amulet "Utodaogy" {RegenMP -Tele rPois
                  | Int+4}
  2153 | D:3      | Gained mutation: You have a pair of antennae on your head.
                  | [demonic ancestry]
  2153 | D:3      | Reached XP level 5. HP: 37/37 MP: 6/6
  2454 | D:3      | Found Hiwaut's Jewellery Emporium.
  2583 | D:4      | Found a sparkling altar of Nemelex Xobeh.
  2671 | D:4      | Found an opulent altar of Gozag.
  2871 | D:4      | Reached XP level 6. HP: 42/43 MP: 8/8
  3231 | D:4      | Learned a level 1 spell: Magic Dart
  3787 | D:5      | Entered Level 5 of the Dungeon
  3792 | D:5      | Gained mutation: You have a pair of large antennae on your
                  | head. (SInv) [demonic ancestry]
  3792 | D:5      | Reached XP level 7. HP: 46/49 MP: 8/10
  3827 | D:5      | Found Husushropn's General Store.
  3837 | D:5      | Found Tizxuame's Specific Store.
  4015 | D:5      | Found a snail-covered altar of Cheibriados.
  4212 | D:5      | Found a broken altar of Ashenzari.
  4232 | D:5      | Found an ancient bone altar of Kikubaaqudgha.
  4292 | D:5      | Reached skill level 5 in Fighting
  4292 | D:5      | Reached skill level 5 in Invocations
  4343 | D:6      | Found a staircase to the Ecumenical Temple.
  4427 | D:6      | Identified the +4 long sword of Hacking and Slashing
                  | {flame, rF+ Dex+3}
  4478 | D:6      | Found a basalt altar of Yredelemnul.
  4523 | D:6      | Became a worshipper of Yredelemnul the Dark
  4718 | D:6      | Reached XP level 8. HP: 53/55 MP: 9/11
  4854 | D:6      | Identified the +2 robe of the Land of Plenty {Dex+3}
  4883 | D:6      | Found a burning altar of Makhleb.
  5155 | D:7      | Found a blossoming altar of Fedhas.
  5183 | D:7      | Reached * piety under Yredelemnul
  5382 | D:7      | Found a stormy altar of Qazlal.
  5871 | D:7      | Reached ** piety under Yredelemnul
  5871 | D:7      | Reached skill level 5 in Armour
  5871 | D:7      | Reached skill level 5 in Shields
  6037 | D:7      | Slain by a wight

Illustrated notes

Levels and vault maps discovered:
D:1:      noname_arrival_rooms_in_the_neighbourhood, layout_basic,
          ebering_ecumenical_altar_webs, chequers_serial_rivers_large_b,
          chequers_serial_rivers_micro_c
D:2:      layout_basic, hangedman_decor_points
D:3:      minmay_diamond_boxcup, layout_loops_cross,
          mainiacjoe_overflow_catwalk, serial_shops, nicolae_lakefront_shop
D:4:      minmay_clustersquares, layout_basic,
          mainiacjoe_overflow_small_starburst, general_overflow_altar,
          lemuel_flame_loot_1
D:5:      layout_rooms, mainiacjoe_overflow_big_doors,
          mainiacjoe_overflow_tiny_flanked, nicolae_specific_store
D:6:      layout_basic, mainiacjoe_overflow_24_doors, kennysheep_little_box,
          minmay_temple_entry_overgrown
D:7:      layout_loops_corners, grunt_qazlal_clouds, tso_altar,
          mainiacjoe_overflow_brackets, kennysheep_doodads,
          minmay_misc_feat_cross

Skill      XL: |  1  2  3  4  5  6  7  8 |
---------------+-------------------------+-----
Axes           | 2 3 4 |  4.5
Invocations    | 1 2 3 4 5 |  5.9
Armour         | 3 4 5 |  5.0
Shields        | 3 4 5 |  5.0
Fighting       | 4 5 |  5.6

Action                     |  1- 3 |  4- 6 |  7- 9 || total
---------------------------+-------+-------+-------++-------
  Melee: War axe           |    68 |   138 |    92 ||   298
    Use: Scroll            |       |     9 |     8 ||    17
         Potion            |       |     1 |       ||     1
 Armour: Scale mail        |    30 |     8 |       ||    38
         Plate armour      |       |    54 |    42 ||    96
  Dodge: Dodged            |    33 |    51 |    38 ||   122
  Block: Buckler           |    15 |    39 |    26 ||    80

Table legend: (Time is in decaauts)
 A = Elapsed time spent in this place.
 B = Non-inter-level travel time spent in this place.
 C = Inter-level travel time spent in this place.
 D = Time resting spent in this place.
 E = Time spent auto-exploring this place.
 F = Levels seen in this place.
 G = Mean time per level.
                   A        B        C        D        E       F      G
               +--------+--------+--------+--------+--------+-----+--------+
         Total |   6175 |   5754 |    421 |    341 |   4462 |   7 |  882.1 |
       Dungeon |   6175 |   5754 |    421 |    341 |   4462 |   7 |  882.1 |
               +--------+--------+--------+--------+--------+-----+--------+

Top non-repeatable levels by time:
     D:4: 1150 daAuts
     D:2: 1055 daAuts
     D:3: 1001 daAuts
     D:7: 904 daAuts
     D:6: 815 daAuts
     D:1: 686 daAuts
     D:5: 560 daAuts
